Map: 赛博森林-天梯版

Players

Probe - Winner!

  • Race: Protoss Protoss
  • League: Platinum

PSiArc

  • Race: Terran Terran
  • League: Platinum

Event: WESG 2018 Grand Finals

VOD

Have the link to the VOD?

Description

Time

  • Played on: March 12, 2019, 7:37 a.m.
  • Length: 12:08

All games in this series

Show
View Real Time Build Order
Export as new Build Order

Probe Protoss - Winner!

Build Orders: 1 Gate Expand, Double Forge, Blink Stalkers 

Get SALT Encoding   

  12  0:00  Probe  
  13  0:13  Probe  
  14  0:17  Pylon  
  14  0:24  Probe  
  15  0:32  Probe  
  15  0:38  Gateway  
  15  0:41  Probe  
  16  0:46  Assimilator  
  17  0:51  Probe  
  18  1:03  Probe  
  19  1:15  Probe  
  20  1:23  Nexus  
  20  1:33  Cybernetics Core  
  20  1:35  Probe  
  21  1:43  Assimilator  
  21  1:47  Probe  
  21  1:51  Pylon  
  22  1:59  Adept, Probe  
  23  2:07  Probe  
  23  2:09  Warp Gate  
  26  2:15  Probe  
  27  2:25  Twilight Council  
  27  2:26  Probe  
  28  2:31  Probe  
  29  2:38  Probe  
  29  2:39  Probe  
  29  2:40  Stalker  
  33  2:49  Probe, Blink  
  33  2:50  Probe  
  35  3:01  Probe  
  35  3:03  Probe  
  37  3:11  Probe  
  37  3:13  Probe  
  39  3:20  Probe, Gateway  
  39  3:22  Gateway  
  39  3:25  Probe  
  41  3:30  Robotics Facility  
  41  3:32  Probe  
  42  3:37  Pylon, Probe  
  43  3:44  Probe  
  44  3:50  Probe  
  44  3:54  Assimilator  
  44  3:55  Pylon  
  45  3:56  Probe  
  45  3:58  Stalker  
  45  4:02  Probe  
  49  4:08  Nexus  
  49  4:10  Pylon, Observer  
  49  4:19  Stalker x2  
  49  4:22  Stalker  
  56  4:24  Probe  
  56  4:31  Observer  
  57  4:32  Probe  
  57  4:38  Forge x2  
  57  4:41  Probe  
  57  4:43  Charge  
  58  4:52  Observer, Gateway  
  58  4:53  Gateway  
  58  4:58  Observer, Gateway  
  58  4:59  Probe  
  60  5:00  Probe  
  60  5:03  Sentry  
  63  5:08  Protoss Ground Armor Level 1  
  63  5:11  Probe  
  63  5:13  Probe  
  63  5:22  Stalker x2  
  63  5:23  Protoss Ground Weapons Level 1, Probe  
  63  5:25  Probe x2  
  70  5:35  Probe  
  70  5:37  Probe x2  
  71  5:47  Probe  
  71  5:49  Probe x2  
  74  5:50  Shield Battery  
  74  5:51  Shield Battery  
  74  5:59  Probe  
  74  6:01  Probe  
  74  6:03  Gateway x2  
  76  6:06  Pylon  
  76  6:07  Observer  
  76  6:09  Zealot x4  
  76  6:11  Probe  
  85  6:16  Pylon  
  85  6:21  Pylon x2  
  85  6:22  Observer  
  85  6:24  Probe  
  85  6:25  Zealot x2  
  90  6:32  Pylon  
  90  6:37  Zealot x4  
  98  6:42  Immortal  
  98  6:46  Protoss Ground Armor Level 2  
  101  6:53  Pylon, Zealot x2  
  105  6:58  Protoss Ground Weapons Level 2  
  105  7:07  Sentry, Zealot x5  
  117  7:12  Probe  
  117  7:14  Probe  
  117  7:15  Probe  
  120  7:20  Nexus  
  120  7:24  Zealot x2, Probe  
  120  7:26  Immortal  
  129  7:34  Probe  
  131  7:41  Pylon  
  130  7:44  Pylon  
  130  7:45  Pylon  
  130  7:47  Assimilator  
  130  7:48  Zealot  
  130  7:49  Assimilator  
  132  7:56  Pylon  
  132  7:59  Zealot  
  132  8:00  Zealot x3, Pylon  
  132  8:01  Pylon  
  138  8:12  Zealot x4  
  146  8:24  Zealot  
  146  8:25  Zealot x3  
  144  8:46  Zealot x8  
  158  8:51  Protoss Ground Weapons Level 3, Protoss Ground Armor Level 3  
  158  8:53  Pylon  
  158  8:57  Templar Archives  
  158  9:09  Zealot  
  156  9:10  Zealot x7  
  156  9:13  Probe  
  171  9:18  Probe x3  
  171  9:19  Psionic Storm  
  174  9:26  Warp Prism  
  174  9:40  High Templar x4  
  174  9:41  Zealot  
  174  9:42  Zealot x3  
  190  9:49  Pylon  
  188  10:03  Gateway  
  188  10:05  Gateway  
  188  10:07  Gateway  
  188  10:09  High Templar, Gateway x2  
  188  10:10  High Templar  
  190  10:15  Zealot x4  
  190  10:16  Zealot  
  188  10:30  Stalker  
  154  10:39  Stalker x5  
  162  10:44  Zealot x2  
  146  10:52  Zealot x2  
  146  10:53  Zealot  
  148  11:09  Nexus, Zealot x10  
  168  11:18  Sentry, Zealot x2  
  174  11:32  Zealot  
  174  11:33  Zealot x6  
  175  11:55  Zealot x7  
  159  12:03  Stalker x3  
  159  12:04  Stalker x2  
Show
View Real Time Build Order
Export as new Build Order

PSiArc Terran 

Build Orders: Reaper Expand, Banshee Rush 

Get SALT Encoding   

  12  0:00  SCV  
  13  0:12  SCV  
  14  0:17  Supply Depot  
  14  0:24  SCV  
  15  0:39  SCV  
  15  0:40  Barracks  
  16  0:44  Refinery  
  16  0:51  SCV  
  17  1:03  SCV  
  18  1:15  SCV  
  19  1:27  Reaper, Orbital Command  
  20  1:46  Command Center  
  20  1:54  SCV  
  21  1:59  Marine, Supply Depot  
  22  2:06  SCV  
  23  2:10  Factory  
  23  2:15  Refinery  
  23  2:20  SCV  
  24  2:23  Marine  
  25  2:32  SCV  
  26  2:41  Marine  
  27  2:44  SCV  
  28  2:55  Factory Tech Lab, Starport  
  28  2:58  Orbital Command  
  28  3:00  SCV  
  28  3:02  Barracks Reactor  
  28  3:05  Orbital Command  
  28  3:12  SCV  
  29  3:14  Cyclone  
  29  3:19  Refinery  
  32  3:24  SCV  
  33  3:30  SCV  
  34  3:34  Starport Tech Lab  
  34  3:36  SCV  
  34  3:39  Marine  
  34  3:40  Marine  
  37  3:42  SCV  
  39  3:48  SCV  
  39  3:51  Supply Depot  
  39  3:52  Cloaking Field  
  39  3:53  Banshee  
  39  3:54  SCV  
  43  3:59  Supply Depot  
  43  4:00  SCV  
  43  4:01  Marine x2  
  46  4:13  Siege Tank, SCV x2  
  51  4:20  Marine x2  
  53  4:25  SCV x2  
  55  4:36  Banshee  
  55  4:37  Supply Depot, SCV x2  
  55  4:38  Marine  
  61  4:43  Marine  
  62  4:49  Command Center  
  62  4:55  Supply Depot  
  62  4:59  Siege Tank, SCV x2  
  67  5:05  Engineering Bay  
  67  5:10  Marine x2  
  67  5:11  SCV  
  70  5:14  Barracks  
  70  5:18  SCV  
  70  5:20  Barracks  
  70  5:23  SCV  
  68  5:30  Marine x2  
  73  5:35  Siege Tank  
  73  5:37  Raven  
  73  5:39  SCV  
  73  5:41  SCV  
  72  5:43  Terran Infantry Weapons Level 1  
  72  5:44  Supply Depot  
  72  5:51  SCV  
  72  5:52  Marine x2  
  72  5:55  Supply Depot  
  72  5:57  SCV  
  76  6:00  Refinery  
  76  6:04  Barracks Tech Lab  
  76  6:06  SCV  
  76  6:07  Orbital Command  
  76  6:09  SCV  
  77  6:18  SCV  
  77  6:21  Factory Reactor  
  77  6:22  Combat Shield  
  77  6:23  Stimpack  
  77  6:24  Marauder x2, Marine  
  83  6:26  SCV  
  83  6:28  Marine  
  83  6:30  SCV  
  83  6:31  Starport Reactor  
  86  6:38  SCV  
  87  6:41  Orbital Command  
  87  6:42  Marine  
  87  6:43  SCV  
  87  6:45  Marauder  
  87  6:46  Marine  
  94  6:47  Marauder  
  94  6:51  SCV  
  95  7:00  Barracks, Marine  
  95  7:04  Barracks, Marine  
  95  7:07  Marauder, Factory Reactor  
  95  7:08  Marauder, SCV  
  100  7:10  SCV  
  101  7:17  SCV  
  101  7:18  Starport  
  101  7:21  SCV  
  101  7:22  SCV  
  104  7:23  Refinery  
  104  7:24  Marine x2  
  104  7:25  Medivac  
  108  7:30  Medivac, Supply Depot  
  108  7:31  Marauder, SCV  
  108  7:32  Supply Depot  
  113  7:38  Marauder  
  113  7:39  SCV  
  113  7:41  Concussive Shells  
  113  7:42  Marine, SCV  
  113  7:43  Refinery  
  117  7:51  Marauder, Marine  
  117  7:52  Marauder, Supply Depot  
  117  7:54  Supply Depot  
  117  7:55  Factory Reactor  
  122  7:58  Marine  
  122  8:00  SCV  
  122  8:02  Medivac x2  
  128  8:06  Marine x3  
  128  8:08  Liberator x2  
  130  8:13  Marauder  
  130  8:14  Marauder  
  131  8:20  SCV  
  131  8:22  Marine  
  131  8:23  Marauder, Marine  
  131  8:24  Marine  
  136  8:34  Marauder  
  133  8:41  Terran Infantry Armor Level 1  
  133  8:42  Marauder, Marine x2  
  133  8:44  Ghost Academy, Liberator  
  133  8:45  Liberator  
  133  8:48  Marauder, Marine  
  140  8:59  Marine  
  140  9:00  Marauder  
  149  9:07  Supply Depot  
  149  9:09  Supply Depot  
  149  9:28  Marine x2  
  149  9:29  Marauder, Widow Mine x2  
  149  9:30  Marine x2, Missile Turret  
  149  9:31  Marauder x2, Supply Depot  
  163  9:32  Supply Depot  
  163  9:36  Liberator x2  
  163  9:38  Liberator  
  163  9:46  Marine x2  
  163  9:50  Marine  
  165  9:52  Marine  
  165  9:53  Marauder x3  
  181  10:12  Supply Depot  
  181  10:13  Marine x2  
  183  10:14  Marauder x2, Supply Depot  
  174  10:32  Liberator  
  174  10:33  Liberator x3  
  155  10:39  Marine  
  155  10:40  Marauder  
  152  10:47  Marine  
  149  10:50  Marine  
  149  10:51  Marauder x2, Marine  
  163  10:57  Marine  
  149  11:06  Ghost  
  149  11:07  Marine  
  150  11:11  Ghost  
  150  11:12  SCV x2  
  150  11:13  Marauder  
  150  11:16  Marine x2  
  150  11:18  Widow Mine  
  160  11:28  Marine  
  161  11:32  Medivac  
  161  11:34  Marauder  
  161  11:35  Ghost  
  170  11:40  Marine x2  
  170  11:41  Widow Mine x2  
Tags
 
Add a new tag
Caveats
  • Supply blocks, unpowered buildings, or Contaminate may cause inaccurate times.
  • Supply counts are checked every 10 seconds.